 Dungeon Crawl Stone Soup version 0.27-a0-1193-g8631133539 (webtiles) character file.

Game seed: 18292308798803100396

0 Kold the Sneak (level 1, 0/18 HPs)
             Began as a Demonspawn Delver on May 25, 2021.
             Slain by a jelly (3 damage)
             ... on level 6 of the Dungeon.
             The game lasted 00:00:42 (135 turns).

Kold the Sneak (Demonspawn Delver)                   Turns: 135, Time: 00:00:43

Health: 0/18       AC: -1    Str: 12    XL:     1   Next: 0%
Magic:  1/1        EV: 11    Int: 11    God:
Gold:   131        SH:  0    Dex: 14    Spells: 0/0 levels left

rFire    . . .     SeeInvis .   a - +0 mace
rCold    . . .     Faith    .   (no shield)
rNeg     . . .     Spirit   .   b - +0 leather armour
rPois    .         Reflect  .   (no helmet)
rElec    .         Harm     .   (no cloak)
rCorr    .         Rampage  .   (no gloves)
Will     .....                  (no boots)
Stlth    ++........             (no amulet)
HPRegen  0.06/turn              (no ring)
MPRegen  0.07/turn              (no ring)

@: corroded
A: no striking features
a: no special abilities


You were on level 6 of the Dungeon.
You visited 1 branch of the dungeon, and saw 2 of its levels.

You collected 131 gold pieces.

Inventory:

Hand Weapons
 a - a +0 mace (weapon)
Armour
 b - a +0 leather armour (worn)
Wands
 g - a wand of digging (3)
 i - a wand of flame (18)
 j - a wand of mindburst (19)
Scrolls
 c - a scroll of fog
 d - a scroll of magic mapping
 e - a scroll of fear
 h - a scroll of enchant armour {unknown}
Potions
 f - a potion of haste


   Skills:
 + Level 3.0 Fighting
 + Level 1.7 Maces & Flails
 + Level 1.7 Dodging
 + Level 4.5 Stealth


You couldn't memorise any spells.
You didn't know any spells.
Your spell library was empty.

Dungeon Overview and Level Annotations

Branches:
Dungeon (6/15)
 Temple: D:4-7

Altars:


Message History

Found 45 gold pieces.
You now have 11 gold pieces.
Aiming: Throw Flame
Press: ? - help, Shift-Dir - straight line, f - fungus
Aim: a fungus (100% to hit)
The puff of flame hits the fungus.
The fungus begins to die.
The fungus is lightly damaged.
You hit the fungus.
The fungus is lightly damaged.
A nearby fungus withers and dies.
You now have 21 gold pieces (gained 10).
You now have 42 gold pieces (gained 21).
You now have 53 gold pieces (gained 11).
You now have 66 gold pieces (gained 13).
You now have 77 gold pieces (gained 11).
You now have 90 gold pieces (gained 13).
You now have 98 gold pieces (gained 8).
You now have 116 gold pieces (gained 18).
You now have 121 gold pieces (gained 5).
You now have 131 gold pieces (gained 10).
There is a stone staircase leading up here.
You climb upwards.
The ogre shouts!
You hear a shout!
A gnoll comes into view. It is wielding a +0 club.
A gnoll comes into view. It is wielding a +0 spear.
There is a stone staircase leading down here.
You climb downwards.
There is a stone staircase leading up here.
j - a wand of mindburst (19)
Found a runed whip.
A jelly comes into view.
The helpless jelly fails to defend itself.
You hit the jelly.
Your hands burn!
The jelly is lightly wounded.
The jelly misses you. The jelly hits you.
You are splashed with acid!
You hit the jelly. The acid corrodes you!
Your hands burn!
* * * LOW HITPOINT WARNING * * *
The jelly is heavily wounded.
The jelly hits you.
You die...

#.#.PPPPP# ..#
#.#.#.#### #.#
#.#.#.# #.# #.#.#.##
... #.#..#.### #.##
#.#.##...# #..##
#.<.##...#######...#
....##.............#
.....#..########@..#
..#.#.#.# #....J.).#
..#.###.#
#.####....# ..#.#
... #..### ..#.#
..## #... #.#.##..#
...#. ........#
#..## ..#. .. .#..


You could see a jelly.

Vanquished Creatures (others)
  A fungus (D:6)
1 creature vanquished.

Notes
Turn   | Place    | Note
-------+----------+-------------------------------------------
     0 | D:5      | Kold the Demonspawn Delver began the quest for the Orb.
     0 | D:5      | Reached XP level 1. HP: 18/18 MP: 1/1
    13 | D:5      | Noticed an orc priest
    14 | D:5      | Noticed an ice beast
   115 | D:5      | Noticed an ogre
   132 | D:6      | Noticed a jelly
   135 | D:6      | Slain by a jelly

Illustrated notes

Levels and vault maps discovered:
D:5:      layout_basic, lemuel_crystal_altar, temple_doors_ab,
          palyth_stone_intersect, st_stairs_3, serial_bayou_pond_c,
          serial_park_tiny_pond
D:6:      wander_guarded_unrand_ratskin, layout_loops_corners, okawaru_trees_1,
          serial_shops, shop, minmay_gold_behind_fungi, minivault_4,
          grunt_decor_resistance, solitary_fountain, minivault_27,
          minmay_misc_feat_diagonals, uniq_crazy_yiuf_cottage, uniq_maggie

Action                   || total
-------------------------++-------
Melee: Mace              ||     3
Evoke: Wand              ||     1
 Stab: Sleeping          ||     1
Dodge: Dodged            ||     1

Table legend: (Time is in decaauts)
 A = Elapsed time spent in this place.
 B = Non-inter-level travel time spent in this place.
 C = Inter-level travel time spent in this place.
 D = Time resting spent in this place.
 E = Time spent auto-exploring this place.
 F = Levels seen in this place.
 G = Mean time per level.
                   A        B        C        D        E       F      G
               +--------+--------+--------+--------+--------+-----+--------+
         Total |    136 |    136 |      0 |      0 |     13 |   2 |   68.0 |
       Dungeon |    136 |    136 |      0 |      0 |     13 |   2 |   68.0 |
               +--------+--------+--------+--------+--------+-----+--------+

Top non-repeatable levels by time:
     D:6: 112 daAuts
     D:5: 24 daAuts
